 Dungeon Crawl Stone Soup version 0.27-a0-531-gb72ec1a1b6 (webtiles) character file.

Game seed: 11486743878026397849

14 jasper the Sneak (level 2, -2/24 HPs)
             Began as a Demonspawn Delver on Mar 5, 2021.
             Slain by an adder (3 damage)
             ... on level 5 of the Dungeon.
             The game lasted 00:01:55 (701 turns).

jasper the Sneak (Demonspawn Delver)                 Turns: 701, Time: 00:01:56

Health: -2/24      AC:  3    Str: 12    XL:     2   Next: 31%
Magic:  2/2        EV: 11    Int: 11    God:
Gold:   0          SH:  0    Dex: 14    Spells: 1/1 levels left

rFire    . . .     SeeInvis .   a - +0 hand axe
rCold    . . .     Faith    .   (no shield)
rNeg     . . .     Spirit   .   b - +0 leather armour
rPois    .         Reflect  .   (no helmet)
rElec    .         Harm     .   (no cloak)
rCorr    .         Rampage  .   (no gloves)
Will     .....                  (no boots)
Stlth    ++........             i - amulet of the acrobat
HPRegen  0.08/turn              (no ring)
MPRegen  0.16/turn              (no ring)

@: lethally poisoned (-2 -> -9)
A: magic regeneration
a: no special abilities


You were on level 5 of the Dungeon.
You visited 1 branch of the dungeon, and saw 3 of its levels.

Inventory:

Hand Weapons
 a - a +0 hand axe (weapon)
Missiles
 h - 8 stones (quivered)
Armour
 b - a +0 leather armour (worn)
Jewellery
 i - an amulet of the acrobat (around neck)
Wands
 g - a wand of digging (2)
Scrolls
 c - a scroll of fog
 d - 2 scrolls of magic mapping
 f - a scroll of identify {unknown}


   Skills:
 - Level 3.0 Fighting
 + Level 2.7 Axes
 - Level 1.7 Dodging
 - Level 4.5 Stealth


You had one spell level left.
You didn't know any spells.
Your spell library was empty.

Dungeon Overview and Level Annotations

Branches:
Dungeon (6/15)
 Temple: D:4-7

Altars:

Annotations:
D:4 Eustachio, Grinder


Innate Abilities, Weirdness & Mutations

You regenerate magic rapidly.


Message History

You hit the adder.
The adder is lightly wounded.
The adder bites you.
You are poisoned.
The adder poisons you!
You take 5 damage, and have 19/24 hp.
MASSIVE DAMAGE!!
You hit the adder.
The adder is moderately wounded.
You feel sick. The adder misses you. The adder barely misses you.
You take 1 damage, and have 18/24 hp.
You closely miss the adder.
The adder is moderately wounded.
You feel sick. The adder barely misses you.
You take 1 damage, and have 17/24 hp.
You barely miss the adder.
The adder is moderately wounded.
The adder bites you.
You are more poisoned.
The adder poisons you! The adder bites you.
You take 3 damage, and have 14/24 hp.
You completely miss the adder.
The adder is moderately wounded.
You feel sick. The adder closely misses you.
You take 1 damage, and have 13/24 hp.
You hit the adder.
The adder is heavily wounded.
You feel sick. The adder bites you. x2
* * * LOW HITPOINT WARNING * * *
You take 9 damage, and have 4/24 hp.
MASSIVE DAMAGE!!
You closely miss the adder.
The adder is heavily wounded.
* * * LOW HITPOINT WARNING * * *
You feel sick. The adder barely misses you.
You take 1 damage, and have 3/24 hp.
You closely miss the adder.
The adder is heavily wounded.
The adder bites you.
* * * LOW HITPOINT WARNING * * *
The adder bites you.
You die...

##'## #...# #.
#.# #...# #.
.######.#####
###.# #.
............#
#.# ##
.#####...##.#
#.# #.....#.#
.# ##...#.# ##
##.#S###.#####
####@#...B...
##.# ###


You could see an adder.

Vanquished Creatures
  A white imp (D:5)
  2 leopard geckos (D:5)
  A giant cockroach (D:4)
  2 frilled lizards (D:5)
  A quokka skeleton (D:5)
7 creatures vanquished.

Notes
Turn   | Place    | Note
-------+----------+-------------------------------------------
     0 | D:5      | jasper the Demonspawn Delver began the quest for the Orb.
     0 | D:5      | Reached XP level 1. HP: 18/18 MP: 1/1
    10 | D:4      | Noticed Grinder
    20 | D:6      | Noticed an orc priest
   252 | D:5      | Gained mutation: You regenerate magic rapidly. [demonic
                  | ancestry]
   252 | D:5      | Reached XP level 2. HP: 16/24 MP: 2/2
   348 | D:5      | Noticed an ogre
   630 | D:4      | Noticed Eustachio
   701 | D:5      | HP: 1/24 [adder (2)]
   701 | D:5      | Slain by an adder

Illustrated notes

Levels and vault maps discovered:
D:4:      layout_cave_pools, nzn_hepliaklqana_mist_gate, zin_statuary,
          uniq_grinder, uniq_menkaure, uniq_eustachio
D:5:      layout_loops_corners, led_sif_book
D:6:      layout_cave_pools, nzn_wu_jian_contemplation,
          makhleb_altar_promises_db, minmay_temple_entry_from_below_a,
          basic_altar, ebering_ghost_sewer_f

Skill      XL: |  1 |
---------------+----+-----
Axes           | 2 |  2.7
Fighting       | |  3.0
Dodging        | |  1.7
Stealth        | |  4.5

Action                   || total
-------------------------++-------
Melee: Hand axe          ||    39
Throw: Stone             ||     6
Evoke: Wand              ||     1
  Use: Potion            ||     2
       Scroll            ||     2
Armor: Leather armour    ||     7
Dodge: Dodged            ||    37

Table legend: (Time is in decaauts)
 A = Elapsed time spent in this place.
 B = Non-inter-level travel time spent in this place.
 C = Inter-level travel time spent in this place.
 D = Time resting spent in this place.
 E = Time spent auto-exploring this place.
 F = Levels seen in this place.
 G = Mean time per level.
                   A        B        C        D        E       F      G
               +--------+--------+--------+--------+--------+-----+--------+
         Total |    691 |    691 |      0 |    325 |     48 |   3 |  230.3 |
       Dungeon |    691 |    691 |      0 |    325 |     48 |   3 |  230.3 |
               +--------+--------+--------+--------+--------+-----+--------+

Top non-repeatable levels by time:
     D:5: 412 daAuts
     D:4: 271 daAuts
     D:6: 6 daAuts
